 Dungeon Crawl Stone Soup version 0.31-a0-978-g1e143483b6 (webtiles) character file.

Game seed: 3788776457967107522

26878 Monkooky the Carver (level 13, -3/101 HPs)
             Began as a Demonspawn Artificer on Oct 30, 2023.
             Was a High Priest of Trog.
             Killed from afar by a spriggan druid (46 damage)
             ... with a stone arrow
             ... on level 2 of the Lair of Beasts.
             The game lasted 00:35:56 (11170 turns).

Monkooky the Carver (Demonspawn Artificer)         Turns: 11170, Time: 00:35:57

Health: -3/101     AC: 16    Str: 15    XL:     13   Next: 1%
Magic:  13/13      EV: 14    Int: 12    God:    Trog [*****.]
Gold:   360        SH:  4    Dex: 17    Spells: 12/12 levels left

rFire   + + +        P - +3 demon blade
rCold   + . .        (no shield)
rNeg    + . .        J - +4 ring mail
rPois   .            (helmet restricted)
rElec   +            y - scarf {rC+ rF+}
rCorr   .            x - +2 pair of gloves
SInv    .            W - +2 pair of boots of Ilunua {+Inv rElec rF+++ Int-2}
Will    .....        v - amulet of regeneration
Stlth   +            Q - ring of positive energy
HPRegen 1.16/turn    (no ring)
MPRegen 0.13/turn

%: random rage (3%)
@: about to teleport
A: horns 1, powered by death 3, big brain 1, condensation shield, berserk 1
a: Renounce Religion, Evoke Invisibility, Berserk, Trog's Hand, Brothers in Arms


You were on level 2 of the Lair of Beasts.
You worshipped Trog.
Trog was extremely pleased with you.
You visited 2 branches of the dungeon, and saw 13 of its levels.
You also visited: Sewer and Bailey.

You collected 923 gold pieces.
You spent 563 gold pieces at shops.

Inventory:

Hand Weapons
 P - a +3 demon blade (weapon)
Missiles
 X - a curare-tipped dart
Armour
 b - a +0 leather armour
 j - a +0 buckler of positive energy
 l - a +4 scale mail of poison resistance
 m - the +1 ring mail of Disguise {rCorr Stlth+}
   (You found it in a bailey)

   rCorr:     It protects you from acid and corrosion.
   Stlth+:    It makes you more stealthy.
 q - a +0 chain mail
 w - a +0 pair of gloves
 x - a +2 pair of gloves (worn)
 y - a scarf of resistance (worn)
 J - a +4 ring mail (worn)
 N - +0 acid dragon scales
 W - the +2 pair of boots of Ilunua (worn) {+Inv rElec rF+++ Int-2}
   (You acquired it on level 8 of the Dungeon)

   Int-2:     It affects your intelligence (-2).
   rF+++:     It renders you almost immune to fire.
   rElec:     It insulates you from electricity.
   +Inv:      It lets you turn invisible.
Jewellery
 s - an amulet of faith
 v - an amulet of regeneration (around neck)
 I - an amulet of the acrobat
 Q - a ring of positive energy (left hand)
 U - a ring of magical power
 Z - the ring "Jadeyh" {Fire *Corrode +Blink rElec Dex+3}
   (You found it on level 8 of the Dungeon)

   [ring of fire]

   Fire:      It enhances your fire magic.
   Dex+3:     It affects your dexterity (+3).
   rF+:       It protects you from fire.
   rC-:       It makes you vulnerable to cold.
   rElec:     It insulates you from electricity.
   +Blink:    It lets you blink.
   *Corrode:  It may corrode you when you take damage.
Talismans
 p - a beast talisman
Wands
 c - a wand of flame (27) (quivered)
 d - a wand of charming (15)
 e - a wand of iceblast (3)
 u - a wand of paralysis (5)
 S - a wand of roots (15)
 Y - a wand of acid (4)
Scrolls
 a - a scroll of silence
 f - 4 scrolls of vulnerability
 g - a scroll of amnesia
 o - 3 scrolls of noise
 z - 6 scrolls of teleportation
 A - 4 scrolls of enchant armour
 D - 5 scrolls of revelation
 K - a scroll of fear
 L - 2 scrolls of butterflies
 M - 3 scrolls of immolation
 T - a scroll of fog
 V - a scroll of torment
Potions
 h - 2 potions of mutation
 i - 5 potions of lignification
 k - 2 potions of brilliance {unknown}
 n - 3 potions of might
 r - 7 potions of curing
 t - 2 potions of attraction
 B - 4 potions of heal wounds
 E - 7 potions of haste {unknown}
 F - 4 potions of invisibility {unknown}
 G - a potion of magic {unknown}
 H - 4 potions of resistance {unknown}
 O - 3 potions of enlightenment
 R - a potion of cancellation
Miscellaneous
 C - a tin of tremorstones (2/2)


   Skills:
 - Level 9.6 Fighting
 - Level 14.0 Long Blades
 - Level 5.9 Maces & Flails
 - Level 6.2 Armour
 - Level 7.3 Dodging
 - Level 0.8 Stealth
 - Level 0.3 Spellcasting
 + Level 5.0 Evocations
 - Level 1.8 Shapeshifting


You had 12 spell levels left.
You didn't know any spells.
Your spell library contained the following spells:

 Spells                   Type           Power      Damage    Failure   Level
 Summon Small Mammal      Summ           0%         N/A       50%         1
 Call Canine Familiar     Summ           0%         N/A       86%         3
 Inner Flame              Hex/Fire       0%         N/A       86%         3
 Summon Guardian Golem    Hex/Summ       0%         N/A       86%         3
 Yara's Violent Unravell  Hex/Tmut       0%         3d3       100%        5
 Enfeeble                 Hex            0%         N/A       100%        7


Dungeon Overview and Level Annotations

Branches:
Dungeon (11/15)            Temple (0/1) D:4            Lair (2/5) D:10
  Snake (0/4) Lair:2        Sewer (visited)          Bailey (visited)
  Swamp: Lair:2-3    Shoals: Lair:2-3       Orc: D:9-12

Altars:
Cheibriados
Fedhas
Kikubaaqudgha
Nemelex Xobeh
Okawaru
Qazlal
Trog
Uskayaw
Vehumet

Shops:
D:6 *   D:7 [   D:9 *:*!!

Annotations:
D:10 6 transporters, exclusion: downstairs


Innate Abilities, Weirdness & Mutations

You have a pair of small horns on your head.
You regenerate a lot of health from kills.
You have an unusually large brain. (Int +2)
A meltable shield of frost defends you. (SH +4)
You sometimes lose your temper in combat.


Message History

A +1 spectral quarterstaff comes into view.
You slash the spriggan druid!
The forest calms down.
You headbutt the spriggan druid.
The spriggan druid is moderately wounded.
A wolf comes into view.
The spriggan druid hits you with a +0 quarterstaff!
A hornet comes into view.
You block the wolf's attack.
As you read the scroll of teleportation, it crumbles to dust.
You feel strangely unstable.
The wolf howls!
A wolf comes into view.
The spriggan druid points at you and mumbles some strange words.
The stone arrow misses you.
The stone arrow hits the wolf!!
The wolf dies!
The spriggan druid completely misses you.
The wolf barely misses you.
The hornet buzzes angrily.
Unknown command.
You barely miss the spriggan druid. You headbutt the spriggan druid.
The spriggan druid is moderately wounded.
The +1 spectral quarterstaff disappears.
The spriggan druid misses you. The +1 spectral quarterstaff hits you!
The wolf closely misses you.
The spriggan druid hits you with a +0 quarterstaff.
A +1 spectral quarterstaff comes into view.
You slash the spriggan druid!
Your headbutt misses the spriggan druid.
The spriggan druid is severely wounded.
You block the +1 spectral quarterstaff's attack.
The spriggan druid hits you with a +1 spectral quarterstaff!
The +1 spectral quarterstaff hits you but does no damage.
Unknown command.
You barely miss the spriggan druid.
The spriggan druid is severely wounded.
The +1 spectral quarterstaff hits you but does no damage.
You block the hornet's attack.
The spriggan druid points at you and mumbles some strange words.
The stone arrow hits you!!!
You die...

...# #..## '#.#
#.P# .### #.## ###
.# ##..### #P#♣ .#
#...#.# #h.♣♣♣ .#
#P#...# #y♣..♣ .#
#####.# #F♣.♣♣ .##
##.'####i♣Fy.y...i
..#
#.....y@i♣.♣...♣.♣
.##
#.....hh(♣♣♣♣i♣.i:
.#### ##....h...♣
§§§..
.P#.#####.........♣
§§.
.........'........♣
..♣
.P#######.........♣
§♣♣ ..# #.........♣
.## #.#######'# .#
########..#


You could see 2 spriggan druids, 2 hornets, a +1 spectral quarterstaff, 4 wolves
and a bullfrog.

Vanquished Creatures
  A fire dragon (D:10)
  A centaur warrior (D:11)
  5 death yaks (D:10)
  The ghost of zenocrate the Ruffian, a novice TrFi (D:8)
  A deep elf pyromancer (Bailey)
  An orc knight (Bailey)
  Pikel (D:5)
  A lindwurm (Lair:2)
  A moth of wrath (D:8)
  6 cane toads
  2 komodo dragons (Lair:1)
  An unseen horror (D:10)
  Jeremiah (D:6)
  A meliai (D:11)
  A troll (D:9)
  A hornet (D:9)
  11 blink frogs
  Sigmund (D:3)
  4 wyverns
  A fire elemental (D:8)
  A shadow (D:9)
  A wraith (D:9)
  4 fire bats (D:8)
  38 yaks
  A basilisk (Lair:1)
  3 acid dragons
  2 nagas (Lair:2)
  6 water moccasins
  A hell hound (D:8)
  11 orc warriors
  2 black bears
  A sky beast (D:8)
  Pargi (D:3)
  14 wolves (Lair:1)
  2 ogres
  2 lemures (D:5)
  2 centaurs
  2 kobold brigands
  13 bullfrogs
  5 scorpions
  5 wights (D:6)
  4 killer bees (D:8)
  2 howler monkeys (D:7)
  An electric eel (Lair:1)
  2 lava snakes (D:8)
  A hound (D:7)
  3 jellies
  10 orc priests
  2 iguanas
  Terence (D:3)
  8 orc wizards
  7 adders
  A white imp (D:5)
  2 ufetubi (D:7)
  7 worms
  2 dart slugs (D:1)
  59 orcs
  5 bats
  3 endoplasms
  A giant cockroach (D:1)
  5 goblins
  3 hobgoblins
  6 jackals (D:3)
  3 quokkas
  5 ball pythons
  2 frilled lizards (D:1)
  14 kobolds
  9 rats
328 creatures vanquished.

Vanquished Creatures (collateral kills)
  A hydra (Lair:2)
1 creature vanquished.

Vanquished Creatures (others)
  A wolf (Lair:2)
1 creature vanquished.

Grand Total: 330 creatures vanquished

Notes
Turn   | Place    | Note
-------+----------+-------------------------------------------
     0 | D:1      | Monkooky the Demonspawn Artificer began the quest for the
                  | Orb.
     0 | D:1      | Reached XP level 1. HP: 15/15 MP: 1/1
   209 | D:1      | Gained mutation: You regenerate a little health from kills.
                  | [demonic ancestry]
   209 | D:1      | Reached XP level 2. HP: 21/22 MP: 2/2
   741 | D:1      | Reached skill level 1 in Shapeshifting
   912 | D:2      | Gained mutation: A meltable shield of frost defends you.
                  | (SH +4) [demonic ancestry]
   912 | D:2      | Reached XP level 3. HP: 27/27 MP: 3/3
  1160 | D:2      | Reached skill level 1 in Maces & Flails
  1446 | D:2      | Found a faded altar of an unknown god.
  1449 | D:2      | Prayed at the altar of an unknown god.
  1449 | D:2      | Became a worshipper of Trog the Wrathful
  1449 | D:2      | Reached * piety under Trog
  1508 | D:3      | Found a hide-covered altar of Uskayaw.
  1535 | D:3      | Noticed Pargi
  1543 | D:3      | Killed Pargi
  1544 | D:3      | Gained mutation: You have a pair of small horns on your
                  | head. [demonic ancestry]
  1544 | D:3      | Reached XP level 4. HP: 33/33 MP: 4/4
  1544 | D:3      | Gained mutation: You regenerate health from kills. [demonic
                  | ancestry]
  1544 | D:3      | Reached XP level 5. HP: 38/38 MP: 5/5
  1548 | D:3      | Found an iron altar of Okawaru.
  1678 | D:3      | Noticed Sigmund
  1949 | D:3      | Found a radiant altar of Vehumet.
  1965 | D:3      | Killed Sigmund
  1966 | D:3      | Gained mutation: You have an unusually large brain. (Int
                  | +2) [demonic ancestry]
  1966 | D:3      | Reached XP level 6. HP: 44/44 MP: 6/6
  2009 | D:3      | Noticed Terence
  2022 | D:3      | Killed Terence
  2028 | D:3      | Found a glowing drain.
  2040 | Sewer    | Entered a sewer
  2047 | Sewer    | Reached skill level 5 in Maces & Flails
  2378 | Sewer    | Reached ** piety under Trog
  2911 | D:4      | Identified the "Varoaf"
  3015 | D:4      | Reached XP level 7. HP: 50/50 MP: 7/7
  3092 | D:4      | Found a stormy altar of Qazlal.
  3106 | D:4      | Identified the +10 hand axe of the Extremes {protect,
                  | Contam Str+4 Dex+3}
  3177 | D:4      | Reached skill level 1 in Dodging
  3189 | D:4      | Found a staircase to the Ecumenical Temple.
  3364 | D:4      | Noticed a wyvern
  3370 | D:4      | Killed a wyvern
  3546 | D:5      | Entered Level 5 of the Dungeon
  3647 | D:5      | Reached XP level 8. HP: 60/60 MP: 8/8
  3688 | D:5      | Noticed Pikel
  3701 | D:5      | Killed Pikel
  3702 | D:5      | Reached skill level 5 in Fighting
  3737 | D:5      | Found a snail-covered altar of Cheibriados.
  3823 | D:5      | Reached *** piety under Trog
  3871 | D:5      | Reached skill level 5 in Dodging
  4165 | D:6      | Found Amit's Lightly-Used Armoury.
  4170 | D:6      | Bought a -2 demon blade for 50 gold pieces
  4177 | D:6      | Found a blossoming altar of Fedhas.
  4210 | D:6      | Noticed Jeremiah
  4216 | D:6      | Killed Jeremiah
  4217 | D:6      | Reached skill level 2 in Long Blades
  4217 | D:6      | Reached XP level 9. HP: 69/69 MP: 9/9
  4234 | D:6      | Reached skill level 3 in Long Blades
  4570 | D:6      | Reached skill level 4 in Long Blades
  4601 | D:6      | Reached skill level 5 in Long Blades
  4698 | D:6      | Found a sparkling altar of Nemelex Xobeh.
  5507 | D:7      | Found Xeoban's Antique Armour Emporium.
  5515 | D:7      | Reached skill level 6 in Long Blades
  5994 | D:8      | Reached skill level 7 in Long Blades
  6207 | D:8      | Found an ancient bone altar of Kikubaaqudgha.
  6240 | D:8      | Gained mutation: You regenerate a lot of health from kills.
                  | [demonic ancestry]
  6240 | D:8      | Reached XP level 10. HP: 48/76 MP: 10/10
  6250 | D:8      | Reached **** piety under Trog
  6251 | D:8      | Reached skill level 8 in Long Blades
  6451 | D:8      | Found a transporter.
  6455 | D:8      | Noticed zenocrate's ghost (novice TrFi)
  6455 | D:8      | Noticed a moth of wrath
  6462 | D:8      | Found a transporter.
  6487 | D:8      | Found a bloodstained altar of Trog.
  6534 | D:8      | Killed a moth of wrath
  6535 | D:8      | Reached skill level 9 in Long Blades
  6545 | D:8      | Killed zenocrate's ghost
  6546 | D:8      | Identified the ring "Jadeyh" {Fire *Corrode +Blink rElec
                  | Dex+3}
  6684 | D:8      | Reached skill level 10 in Long Blades
  6714 | D:8      | Identified a scroll of acquirement
  6715 | D:8      | Acquired the +2 pair of boots of Ilunua {+Inv rElec rF+++
                  | Int-2}
  6873 | D:9      | Reached skill level 11 in Long Blades
  6950 | D:9      | Found Solan's Distillery.
  6955 | D:9      | Bought a potion of degeneration for 10 gold pieces
  6955 | D:9      | Bought a potion of mutation for 80 gold pieces
  6955 | D:9      | Bought a potion of curing for 30 gold pieces
  6955 | D:9      | Bought a potion of enlightenment for 50 gold pieces
  6955 | D:9      | Bought a potion of cancellation for 80 gold pieces
  7002 | D:9      | Found Pineinas's General Store.
  7010 | D:9      | Found Jigi's Distillery.
  7053 | D:9      | Reached XP level 11. HP: 81/81 MP: 11/11
  7088 | D:9      | Found Aziz's Book Shop.
  7088 | D:9      | Gained mutation: You sometimes lose your temper in combat.
                  | [mutagenic glow]
  7259 | D:9      | Found Fepuor's General Store.
  7265 | D:9      | Bought a potion of heal wounds for 55 gold pieces
  7265 | D:9      | Bought a scroll of silence for 104 gold pieces
  7483 | D:9      | Bought a potion of berserk rage for 65 gold pieces
  7483 | D:9      | Bought a potion of attraction for 39 gold pieces
  7643 | Bailey   | Identified the of Plog
  7643 | D:10     | Entered Level 10 of the Dungeon
  7675 | D:10     | Reached ***** piety under Trog
  7676 | D:10     | Reached skill level 12 in Long Blades
  7729 | D:10     | Noticed a death yak
  7843 | D:10     | Found a flagged portal.
  7864 | Bailey   | Entered a bailey
  7901 | Bailey   | Noticed an orc knight
  7926 | Bailey   | Killed an orc knight
  7981 | Bailey   | Found a large runed translucent door.
  7981 | Bailey   | Found a large runed translucent door.
  7991 | Bailey   | Noticed a deep elf pyromancer
  8150 | Bailey   | Killed a deep elf pyromancer
  8166 | Bailey   | Identified the +1 ring mail of Disguise {rCorr Stlth+}
  8283 | D:10     | Found a transporter.
  8287 | D:10     | Found a transporter.
  8378 | D:10     | Noticed a death yak
  8412 | D:10     | Killed a death yak
  8430 | D:10     | Noticed a death yak
  8456 | D:10     | Killed a death yak
  8457 | D:10     | Reached skill level 13 in Long Blades
  8501 | D:10     | Noticed a death yak
  8511 | D:10     | Noticed a death yak
  8520 | D:10     | Killed a death yak
  8531 | D:10     | Killed a death yak
  8539 | D:10     | Killed a death yak
  8577 | D:10     | Found a staircase to the Lair.
  8597 | D:10     | Found a transporter.
  8599 | D:10     | Found a transporter.
  8800 | D:10     | Found a transporter.
  8809 | D:10     | Found a transporter.
  8886 | D:10     | Noticed a fire dragon
  8926 | D:10     | Killed a fire dragon
  8927 | D:10     | Reached skill level 14 in Long Blades
  9046 | D:11     | Noticed a centaur warrior
  9060 | D:11     | Killed a centaur warrior
  9130 | Lair:1   | Entered Level 1 of the Lair of Beasts
  9138 | Lair:1   | Reached XP level 12. HP: 89/89 MP: 12/12
  9493 | Lair:1   | Reached skill level 5 in Armour
  9559 | Lair:1   | Identified the +6 long sword "Mex Ank" {spect, Str+3}
 10539 | Lair:2   | Noticed an eight-headed hydra
 10550 | Lair:2   | Killed an eight-headed hydra
 10768 | Lair:2   | Received a gift from Trog
 10968 | Lair:2   | Found a staircase to the Snake Pit.
 11165 | Lair:2   | Reached skill level 5 in Evocations
 11165 | Lair:2   | Reached XP level 13. HP: 91/101 MP: 13/13
 11170 | Lair:2   | Killed from afar by a spriggan druid

Illustrated notes

Levels and vault maps discovered:
D:1:      eino_arrival_druids_welcome, layout_loops_ring
D:2:      layout_rooms, shapermc_ecumenical_altar_mp_vishouse,
          nicolae_the_louvre
D:3:      layout_basic, overflow_temple_1_default, nicolae_vehumet_altar_sigil,
          okawaru_metal_pillars_1_2, cheibrodos_sewer_entry_bend,
          serial_co_window_serial, co_window_paths_a, co_window_paths_b,
          co_window_paths_a, co_window_of_opportunity_a,
          co_window_of_opportunity_a, co_window_paths_a, co_window_paths_b,
          co_window_cross_4, co_window_corner_b, co_window_2corner,
          co_window_2corner, co_window_broadway_c, co_window_corner_b,
          glass_columns_b, uniq_sigmund, uniq_terence, uniq_pargi
D:4:      layout_basic, mainiacjoe_overflow_cross_hatched, temple_fountains,
          moated_statue
D:5:      layout_cave_pools, old_standard_altar,
          minmay_a_box_with_orc_wizards_in_it, uniq_pikel
D:6:      layout_layer_cave, fedhas_ov_isle_minmay, nemelex_spade_bored_becter,
          minmay_shop_damaged, uniq_jeremiah
D:7:      layout_cave_pools, serial_shops, nicolae_shop_advertising_works
          [nicolae_subvault_shop_adworks]
D:8:      layout_basic, mainiacjoe_overflow_tiny_flanked, zin_statuary,
          bloody_trog, special_room [special_room_orc],
          gammafunk_ghost_berserking_beasts, hangedman_incinerator
D:9:      layout_basic, serial_shops, nicolae_shop_hallway_plus,
          nicolae_shop_behind_doors, shop, nicolae_shop_industrial_runoff, shop
D:10:     dragon1_lemuel, layout_long_grid, dpeg_lair_monsters, enter_bailey_6,
          minmay_misc_feat_columns, serial_nicolae_subway,
          nicolae_sub_station_metal, nicolae_sub_station_stone,
          nicolae_sub_station_crystal
D:11:     minmay_diamond_stairs, layout_basic,
          kennysheep_orc_monster_closet_entryway
Lair:1:   layout_cave_pods, serial_bayou_shore_a, serial_bayou_shore_b
Lair:2:   layout_roguey, mainiacjoe_swamp_entry_angry_trees,
          alex1729_snake_entry_snake

Skill      XL: |  1  2  3  4  5  6  7  8  9 10 11 12 |
---------------+-------------------------------------+-----
Fighting       | 2 4 5 6 9 |  9.6
Shapeshifting  | 1 |  1.8
Maces & Flails | 3 4 5 |  5.9
Dodging        | 3 5 7 |  7.3
Armour         | 2 4 6 |  6.2
Long Blades    | 2 7 11 14 | 14.0
Evocations     | 5 |  5.0
Stealth        | |  0.8
Spellcasting   | |  0.3

Action                     |  1- 3 |  4- 6 |  7- 9 | 10-12 | 13-15 || total
---------------------------+-------+-------+-------+-------+-------++-------
  Melee: Mace              |     9 |       |       |       |       ||     9
         Dagger            |   113 |       |       |       |       ||   113
         Club              |     3 |       |       |       |       ||     3
         Whip              |    10 |   133 |     9 |       |       ||   152
         Flail             |     8 |       |       |       |       ||     8
         Headbutt          |       |    30 |    55 |   174 |     2 ||   261
         Punch             |       |     2 |     4 |     7 |       ||    13
         Hand axe          |       |       |   202 |   134 |       ||   336
         Demon blade       |       |       |       |   568 |     5 ||   573
 Invoke: Berserk           |       |     1 |     2 |     5 |       ||     8
         Brothers in Arms  |       |       |       |     2 |       ||     2
  Evoke: Wand              |     5 |       |     1 |     2 |       ||     8
    Use: Potion            |       |     2 |       |     2 |       ||     4
         Scroll            |       |     1 |     8 |    10 |     1 ||    20
   Stab: Sleeping          |       |       |     1 |       |       ||     1
 Armour: Leather armour    |    35 |       |       |       |       ||    35
         Chain mail        |    77 |    54 |       |       |       ||   131
         Ring mail         |       |     6 |   142 |   436 |     9 ||   593
  Dodge: Dodged            |    62 |    31 |   137 |   363 |     7 ||   600
  Block: Other             |    13 |    13 |    34 |    87 |     3 ||   150
   Form: Beast             |     1 |       |       |       |       ||     1
                           |       |       |     1 |       |       ||     1

Table legend: (Time is in decaauts)
 A = Elapsed time spent in this place.
 B = Non-inter-level travel time spent in this place.
 C = Inter-level travel time spent in this place.
 D = Time resting spent in this place.
 E = Time spent auto-exploring this place.
 F = Levels seen in this place.
 G = Mean time per level.
                   A        B        C        D        E       F      G
               +--------+--------+--------+--------+--------+-----+--------+
         Total |  11281 |  10865 |    416 |    657 |   7214 |  15 |  752.1 |
       Dungeon |   8403 |   8073 |    330 |    312 |   5617 |  11 |  763.9 |
          Lair |   1956 |   1871 |     85 |    229 |   1177 |   2 |  978.0 |
         Sewer |    546 |    546 |      0 |     55 |    273 |   1 |  546.0 |
        Bailey |    374 |    374 |      0 |     60 |    147 |   1 |  374.0 |
               +--------+--------+--------+--------+--------+-----+--------+

Top non-repeatable levels by time:
     D:6: 1187 daAuts
  Lair:1: 1098 daAuts
    D:10: 1071 daAuts
     D:8: 1044 daAuts
     D:3: 949 daAuts
  Lair:2: 858 daAuts
     D:9: 837 daAuts
     D:1: 836 daAuts
     D:2: 671 daAuts
     D:4: 634 daAuts
     D:5: 626 daAuts
   Sewer: 546 daAuts
     D:7: 488 daAuts
  Bailey: 374 daAuts
    D:11: 57 daAuts
